 Dungeon Crawl Stone Soup version 0.29.1-15-g9cfb28693d (webtiles) character file.

Game seed: 10659362463566929634

132 Labrat the Digger (level 5, -1/38 HPs)
             Began as a Meteoran Earth Elementalist on Sept 8, 2023.
             Slain by a gnoll
             ... wielding a +0 spear
              (5 damage)
             ... on level 4 of the Dungeon.
             The game lasted 00:08:52 (1057 turns).

Labrat the Digger (Meteoran Earth Elementalist)     Turns: 1057, Time: 00:08:53

Health: -1/38      AC:  2    Str:  9    XL:     5   Next: 66%
Magic:  3/12       EV: 12    Int: 19    God:
Gold:   180        SH:  0    Dex: 14    Spells: 9/12 levels left

rFire   . . .      SeeInvis .   n - +5 hand axe of Eternity {flame, rC+ Will+}
rCold   + . .      Faith    .   (no shield)
rNeg    . . .      Spirit   .   a - +0 robe
rPois   .          Reflect  .   (no helmet)
rElec   .          Harm     .   (no cloak)
rCorr   .          Rampage  .   (no gloves)
Will    +....                   (no boots)
Stlth   +.........              (no amulet)
HPRegen 0.12/turn               (no ring)
MPRegen 0.13/turn               (no ring)

@: glowing
A: sense surroundings 1, otherworldly, glowing, explore regen
a: no special abilities


You were on level 4 of the Dungeon.
You visited 1 branch of the dungeon, and saw 4 of its levels.

You collected 180 gold pieces.

Inventory:

Hand Weapons
 n - the +5 hand axe of Eternity (weapon) {flame, rC+ Will+}
   (You found it on level 3 of the Dungeon)

   It burns those it strikes, dealing additional fire damage.
   Big, fiery blades are also staple armaments of hydra-hunters.
   rC:        It protects you from cold.
   Will:      It increases your willpower.
Armour
 a - a +0 robe (worn)
Jewellery
 d - a ring of see invisible
 j - a ring of positive energy
Wands
 m - a wand of mindburst (16)
Scrolls
 e - a scroll of identify {unknown}
 g - 2 scrolls of enchant weapon {unknown}
 h - a scroll of teleportation {unknown}
 k - a scroll of immolation {unknown}
 l - a scroll of brand weapon {unknown}
 o - 3 scrolls of blinking {unknown}
Potions
 b - 2 potions of magic
 c - 3 potions of haste {unknown}
 f - 3 potions of curing {unknown}
 i - a potion of cancellation {unknown}


   Skills:
 - Level 2.4 Dodging
 - Level 1.4 Stealth
 + Level 4.3 Spellcasting
 + Level 3.3 Transmutations
 + Level 4.9 Earth Magic


You had 9 spell levels left.
You knew the following spells:

 Your Spells              Type           Power      Damage    Failure   Level
a - Sandblast             Erth           44%        2d11      1%          1
b - Passwall              Tmut/Erth      15%        N/A       3%          2

Your spell library contained the following spells:

 Spells                   Type           Power      Damage    Failure   Level
 Stone Arrow              Conj/Erth      26%        3d8       14%         3
 Petrify                  Tmut/Erth      19%        N/A       24%         4


Dungeon Overview and Level Annotations

Branches:
Dungeon (4/15) Zot: 1295
 Temple: D:4-7

Altars:
Gozag
Trog


Innate Abilities, Weirdness & Mutations

You passively map a small area around you.
You are easily found by Zot.
You glow in the dark.
You regain HP and MP as you explore.


Message History

The gnoll hits you from afar with a +0 halberd!
A gnoll comes into view. It is wielding a +0 spear.
Casting: Sandblast (safe; 1% risk of failure)
Confirm with . or Enter, or press ? or * to list all spells.
Aiming: Sandblast (safe; 1% risk of failure)
Press: ? - help, Shift-Dir - straight line, f/p - gnoll
Aim: a gnoll, wielding a +0 halberd (severely wounded, 85% to hit)
The blast of sand hits the gnoll.
The gnoll is almost dead.
The gnoll hits you from afar with a +0 halberd!
* * * LOW HITPOINT WARNING * * *
Casting: Sandblast (safe; 1% risk of failure)
Confirm with . or Enter, or press ? or * to list all spells.
Aiming: Sandblast (safe; 1% risk of failure)
Press: ? - help, Shift-Dir - straight line, f/p - gnoll
Aim: a gnoll, wielding a +0 halberd (almost dead, 85% to hit)
The blast of sand hits the gnoll.
You kill the gnoll!
The goblin closely misses you. The goblin hits you with a +0 dagger.
* * * LOW HITPOINT WARNING * * *
Casting: Sandblast (safe; 1% risk of failure)
Confirm with . or Enter, or press ? or * to list all spells.
Aiming: Sandblast (safe; 1% risk of failure)
Press: ? - help, Shift-Dir - straight line, f - goblin
Aim: a goblin, wielding a +0 dagger (79% to hit)
The blast of sand hits the goblin!!
You kill the goblin!
The gnoll hits you from afar with a +0 spear.
* * * LOW HITPOINT WARNING * * *
Casting: Sandblast (safe; 1% risk of failure)
Confirm with . or Enter, or press ? or * to list all spells.
Aiming: Sandblast (safe; 1% risk of failure)
Press: ? - help, Shift-Dir - straight line, f - gnoll
Aim: a gnoll, wielding a +0 spear (85% to hit)
The blast of sand hits the gnoll.
The gnoll is moderately wounded.
The gnoll hits you from afar with a +0 spear.
* * * LOW HITPOINT WARNING * * *
The gnoll hits you from afar with a +0 spear.
You die...

, * #..*
#.# , , #..
#.# , *
#..###.##.#
* *
#.........#
*
###.#######
* , #.#
..######.#
.....))).#
...#.##@.#
* ,#.)).##
,*
......#g#
,#.#.#.#.#
# # ..#* *
, , ,...
#.# * * , *
..# ,


You could see a gnoll.

Vanquished Creatures
  3 gnolls (D:4)
  3 adders
  4 dart slugs (D:2)
  6 bats
  4 endoplasms
  12 goblins
  13 hobgoblins
  7 kobolds
  2 quokkas (D:3)
  5 ball pythons
  3 frilled lizards
  3 rats
65 creatures vanquished.

Notes
Turn   | Place    | Note
-------+----------+-------------------------------------------
     0 | D:1      | Labrat the Meteoran Earth Elementalist began the quest for
                  | the Orb.
     0 | D:1      | Reached XP level 1. HP: 14/14 MP: 5/5
    34 | D:2      | Reached XP level 2. HP: 20/20 MP: 3/6
   104 | D:2      | Reached XP level 3. HP: 19/26 MP: 4/8
   251 | D:1      | Learned a level 2 spell: Passwall
   426 | D:1      | Reached XP level 4. HP: 33/33 MP: 5/10
   794 | D:3      | Found a bloodstained altar of Trog.
   899 | D:3      | Found an opulent altar of Gozag.
   945 | D:3      | Identified the +5 hand axe of Eternity {flame, rC+ Will+}
  1010 | D:4      | Reached XP level 5. HP: 34/38 MP: 7/11
  1057 | D:4      | Slain by a gnoll

Illustrated notes

Levels and vault maps discovered:
D:1:      lightli_arrival_statuegarden, layout_basic, corexii_hall_statues_i
D:2:      layout_basic, minmay_tetromino_o2
D:3:      layout_loops_ring, trog_hazing_becter,
          mainiacjoe_overflow_concentric_impassable
D:4:      layout_loops_corners, general_overflow_altar,
          nicolae_ru_great_annihilating_truth, minmay_temple_entry_ruins,
          cheibrodos_sewer_entry_bend

Skill      XL: |  1  2  3  4  5 |
---------------+----------------+-----
Spellcasting   | 3 4 |  4.3
Transmutations | 2 3 |  3.3
Earth Magic    | 4 |  4.9
Dodging        | |  2.4
Stealth        | |  1.4

Action                   |  1- 3 |  4- 6 || total
-------------------------+-------+-------++-------
Melee: Unarmed           |     1 |     4 ||     5
 Cast: Sandblast         |    42 |    54 ||    96
       Passwall          |     5 |       ||     5
Armor: Robe              |     5 |     6 ||    11
Dodge: Dodged            |     8 |    15 ||    23
